Map: [ESL] Ghost River

Players

Coffee - Winner!

  • Race: Terran Terran
  • Spawn Location: 1:00

Jieshi

  • Race: Protoss Protoss
  • Spawn Location: 11:00

Event: ESL SC2 Masters 2024 Spring (Regional)

VOD

Have the link to the VOD?

Description

Time

  • Played on: April 27, 2024, 6:37 a.m.
  • Length: 6:37

All games in this series

Show
View Real Time Build Order
Export as new Build Order

Coffee Terran - Winner!

Build Orders: 1/1/1 

Get SALT Encoding   

  12  0:00  SCV  
  13  0:12  SCV  
  14  0:17  Supply Depot  
  14  0:24  SCV  
  14  0:27  Refinery  
  15  0:38  SCV  
  16  0:43  Barracks  
  16  0:50  SCV  
  17  1:02  SCV  
  18  1:14  SCV  
  19  1:30  Orbital Command, Marine  
  20  1:34  Factory  
  20  1:37  Supply Depot  
  20  1:49  Barracks Reactor  
  20  1:59  SCV  
  21  2:10  Command Center  
  21  2:11  SCV  
  22  2:23  Starport  
  22  2:31  Hellion  
  22  2:32  Hellion  
  22  2:36  Supply Depot  
  26  2:39  SCV  
  27  2:55  Hellion x2  
  31  2:59  SCV  
  31  3:02  Medivac  
  34  3:12  Refinery  
  34  3:20  SCV  
  34  3:21  Factory Tech Lab  
  34  3:24  Barracks  
  35  3:29  Marine x2  
  37  3:35  SCV  
  38  3:47  Siege Tank, Marine x2  
  39  4:01  Orbital Command  
  35  4:05  SCV, Marine x2  
  38  4:12  Marine  
  39  4:18  SCV  
  39  4:19  Siege Tank  
  39  4:23  Marine x2  
  45  4:27  SCV  
  46  4:31  Liberator  
  46  4:32  Marine  
  46  4:38  SCV  
  51  4:39  SCV  
  51  4:40  Marine x2  
  51  4:43  Supply Depot  
  54  5:04  SCV x2, Siege Tank, Marine x3  
  54  5:05  Supply Depot  
  58  5:16  SCV x2  
  60  5:27  Marine x2  
  61  5:29  SCV x2  
  61  5:30  Liberator  
  61  5:31  Marine  
  65  5:44  SCV x2  
  65  5:45  Marine x2  
  65  5:48  Marine  
  67  5:56  SCV x2  
  68  6:03  Marine x2  
  68  6:06  Marine  
  68  6:08  SCV x2  
  68  6:20  SCV  
  68  6:21  SCV  
Show
View Real Time Build Order
Export as new Build Order

Jieshi Protoss 

Build Orders: 1 Gate Expand, Blink Stalkers 

Get SALT Encoding   

  12  0:00  Probe  
  13  0:12  Probe  
  14  0:17  Pylon  
  14  0:24  Probe (Chrono Boost)  
  15  0:36  Probe (Chrono Boost), Gateway  
  16  0:44  Probe (Chrono Boost)  
  16  0:46  Assimilator  
  17  0:51  Probe  
  18  1:03  Probe  
  19  1:15  Probe  
  20  1:23  Cybernetics Core  
  20  1:24  Zealot  
  22  1:25  Pylon  
  22  1:43  Nexus  
  22  1:47  Probe  
  23  1:57  Stalker (Chrono Boost)  
  23  1:59  Warp Gate  
  23  2:00  Probe  
  26  2:06  Assimilator  
  26  2:12  Probe  
  27  2:20  Stalker (Chrono Boost)  
  27  2:21  Pylon  
  27  2:26  Probe  
  30  2:38  Probe  
  30  2:42  Twilight Council  
  31  2:50  Stalker  
  33  2:52  Probe  
  33  2:58  Probe  
  35  3:04  Probe  
  36  3:08  Gateway  
  36  3:10  Probe  
  37  3:13  Blink (Chrono Boost)  
  37  3:16  Probe  
  38  3:22  Probe  
  39  3:28  Probe  
  40  3:34  Probe  
  40  3:41  Probe  
  41  3:42  Robotics Facility  
  41  3:46  Probe  
  41  3:47  Stalker  
  42  3:55  Probe (Chrono Boost)  
  39  3:58  Probe (Chrono Boost)  
  35  4:09  Probe (Chrono Boost)  
  37  4:10  Probe (Chrono Boost)  
  37  4:14  Probe (Chrono Boost), Gateway  
  37  4:16  Gateway  
  38  4:17  Probe  
  39  4:25  Probe  
  39  4:28  Warp Prism (Chrono Boost)  
  39  4:29  Probe  
  43  4:41  Probe x2  
  43  4:44  Stalker  
  47  4:47  Stalker  
  49  4:53  Probe x2  
  49  4:55  Pylon, Observer  
  52  5:05  Probe x2  
  52  5:14  Stalker x3  
  52  5:17  Probe  
  55  5:31  Probe x2  
  55  5:33  Stalker  
  59  5:45  Stalker  
  59  5:46  Immortal (Chrono Boost)  
  60  5:54  Stalker  
  60  5:56  Stalker  
  54  6:04  Zealot  
  54  6:07  Probe x2  
  47  6:11  Zealot  
  42  6:23  Stalker x2  
  37  6:25  Zealot  
Tags
 
Add a new tag
Caveats
  • Supply blocks, unpowered buildings, or Contaminate may cause inaccurate times.
  • Supply counts are checked every 10 seconds.